Workbook
Name RowTitleRegion1..O4: Summary!$B$2
Name Title1: Summary!$B$6
Name Title2: Expense!$B$3

Sheet Summary
B1: Personal budget
C2: Jan | D2: Feb | E2: March | F2: April | G2: May | H2: June | I2: July | J2: Aug | K2: Sept | L2: Oct | M2: Nov | N2: Dec | O2: Year
B3: Total expenses | C3: =Expense!$D$12 -> 0 | D3: =Expense!$E$12 -> 0 | E3: =Expense!$F$12 -> 0 | F3: =Expense!$G$12 -> 0 | G3: =Expense!$H$12 -> 0 | H3: =Expense!$I$12 -> 0 | I3: =Expense!$J$12 -> 0 | J3: =Expense!$K$12 -> 0 | K3: =Expense!$L$12 -> 0 | L3: =Expense!$M$12 -> 0 | M3: =Expense!$N$12 -> 0 | N3: =Expense!$O$12 -> 0 | O3: =SUM(C3:N3) -> 0
B4: Cash short/extra | C4: =SUM(Summary!$C$10-C3) -> 0 | D4: =SUM(Summary!$D$10-D3) -> 0 | E4: =SUM(Summary!$E$10-E3) -> 0 | F4: =SUM(Summary!$F$10-F3) -> 0 | G4: =SUM(Summary!$G$10-G3) -> 0 | H4: =SUM(Summary!$H$10-H3) -> 0 | I4: =SUM(Summary!$I$10-I3) -> 0 | J4: =SUM(Summary!$J$10-J3) -> 0 | K4: =SUM(Summary!$K$10-K3) -> 0 | L4: =SUM(Summary!$L$10-L3) -> 0 | M4: =SUM(Summary!$M$10-M3) -> 0 | N4: =SUM(Summary!$N$10-N3) -> 0 | O4: =SUM(C4:N4) -> 0
B5: Income
B6: Category | C6: Jan | D6: Feb | E6: March | F6: April | G6: May | H6: June | I6: July | J6: Aug | K6: Sept | L6: Oct | M6: Nov | N6: Dec | O6: Year
B7: Wages | O7: =SUM(Summary!$C7:$N7) -> 0
B8: Interest/dividends | O8: =SUM(Summary!$C8:$N8) -> 0
B9: Miscellaneous | O9: =SUM(Summary!$C9:$N9) -> 0
B10: Total | C10: =SUBTOTAL(109,Summary!$C$7:$C$9) -> 0 | D10: =SUBTOTAL(109,Summary!$D$7:$D$9) -> 0 | E10: =SUBTOTAL(109,Summary!$E$7:$E$9) -> 0 | F10: =SUBTOTAL(109,Summary!$F$7:$F$9) -> 0 | G10: =SUBTOTAL(109,Summary!$G$7:$G$9) -> 0 | H10: =SUBTOTAL(109,Summary!$H$7:$H$9) -> 0 | I10: =SUBTOTAL(109,Summary!$I$7:$I$9) -> 0 | J10: =SUBTOTAL(109,Summary!$J$7:$J$9) -> 0 | K10: =SUBTOTAL(109,Summary!$K$7:$K$9) -> 0 | L10: =SUBTOTAL(109,Summary!$L$7:$L$9) -> 0 | M10: =SUBTOTAL(109,Summary!$M$7:$M$9) -> 0 | N10: =SUBTOTAL(109,Summary!$N$7:$N$9) -> 0 | O10: =SUBTOTAL(109,Summary!$O$7:$O$9) -> 0

Sheet Expense
B1: Personal budget
B2: Expenses
B3: Category | C3: Sub category | D3: Jan | E3: Feb | F3: March | G3: April | H3: May | I3: June | J3: July | K3: Aug | L3: Sept | M3: Oct | N3: Nov | O3: Dec | P3: Year
B4: Home | C4: Mortgage/rent | P4: =SUM(Expense!$D4:$O4) -> 0
B5: Daily living | C5: Groceries | P5: =SUM(Expense!$D5:$O5) -> 0
B6: Transportation | C6: Gas/fuel | P6: =SUM(Expense!$D6:$O6) -> 0
B7: Entertainment | C7: Cable TV | P7: =SUM(Expense!$D7:$O7) -> 0
B8: Health | C8: Health club dues | P8: =SUM(Expense!$D8:$O8) -> 0
B9: Vacations | C9: Plane fare | P9: =SUM(Expense!$D9:$O9) -> 0
B10: Recreation | C10: Gym fees | P10: =SUM(Expense!$D10:$O10) -> 0
B11: Dues/Subscription | C11: Magazines | P11: =SUM(Expense!$D11:$O11) -> 0
B12: Total | D12: =SUBTOTAL(109,Expense!$D$4:$D$11) -> 0 | E12: =SUBTOTAL(109,Expense!$E$4:$E$11) -> 0 | F12: =SUBTOTAL(109,Expense!$F$4:$F$11) -> 0 | G12: =SUBTOTAL(109,Expense!$G$4:$G$11) -> 0 | H12: =SUBTOTAL(109,Expense!$H$4:$H$11) -> 0 | I12: =SUBTOTAL(109,Expense!$I$4:$I$11) -> 0 | J12: =SUBTOTAL(109,Expense!$J$4:$J$11) -> 0 | K12: =SUBTOTAL(109,Expense!$K$4:$K$11) -> 0 | L12: =SUBTOTAL(109,Expense!$L$4:$L$11) -> 0 | M12: =SUBTOTAL(109,Expense!$M$4:$M$11) -> 0 | N12: =SUBTOTAL(109,Expense!$N$4:$N$11) -> 0 | O12: =SUBTOTAL(109,Expense!$O$4:$O$11) -> 0 | P12: =SUBTOTAL(109,Expense!$P$4:$P$11) -> 0
